 Dungeon Sprint DCSS version 0.17.1-3-g152610e (webtiles) character file.

5547 juanjsm the Impaler (level 10, -3/99 HPs)
             Began as a Minotaur Berserker on Mar 3, 2016.
             Was the Champion of Trog.
             Slain by a deep troll (18 damage)
             ... in the Dungeon (Sprint I: "Red Sonja").
             The game lasted 00:19:03 (1702 turns).

juanjsm the Impaler (Minotaur Berserker)            Turns: 1702, Time: 00:19:05

Health: -3/99      AC:  6    Str: 23 (25) XL:     10   Next: 44%
Magic:  10/10      EV: 17    Int:  2      God:    Trog [******]
Gold:   223        SH:  0    Dex: 10      Spells: 0 memorised, 9 levels left

rFire  . . .     SeeInvis .     a - +0 spear
rCold  . . .     Clarity  .     m - +2 robe
rNeg   . . .     SustAt   .     (no shield)
rPois  +         Gourm    .     (helmet restricted)
rElec  .         Spirit   .     q - -1 cloak "Irahi" {rPois}
rCorr  .         Warding  .     (no gloves)
rMut   .         NoTele   +     (no boots)
MR     .....                    (no amulet)
Stlth  ++........               (no ring)
                                (no ring)

@: not resistant to hostile enchantments, unstealthy
A: retaliatory headbutt, horns 2, slimy green scales 1, blurry vision 2, breathe
flames 1, deformed body, deterioration 2, dopey 1, frail 1, high mp 1, poison
resistance, screaming 1, MP-powered wands
a: Berserk, Trog's Hand, Brothers in Arms, Burn Spellbooks, Renounce Religion,
Breathe Fire


You were in the Dungeon.
You worshipped Trog.
Trog was exalted by your worship.
You were not hungry.

You visited 1 branch You collected 785 gold pieces.
You spent 562 gold pieces at shops.

Inventory:

Hand Weapons
 a - a +0 spear (weapon)
 l - a +2 scythe of slicing
 n - a +0 flail
Missiles
 o - 14 arrows
Armour
 m - a +2 robe (worn)
 q - the -1 cloak "Irahi" (worn) {rPois}
   (You bought it in a shop in the Dungeon)

   It protects you from poison.
Wands
 d - a wand of fireball (13)
Scrolls
 i - a scroll of blinking
 s - 3 scrolls of fog
 v - a scroll of enchant armour
Potions
 b - 2 potions of curing
 e - a potion of heal wounds
 f - a potion of haste
 g - 2 potions of magic
 h - a potion of berserk rage
 k - 2 potions of invisibility
Comestibles
 t - 3 beef jerkies
 u - a fruit
 w - a slice of pizza


   Skills:
 + Level 17.0 Fighting
 + Level 17.4 Polearms
 + Level 8.3 Armour
 + Level 12.0 Dodging
 + Level 3.0 Stealth


You had 9 spell levels left.
You didn't know any spells.

Dungeon Overview and Level Annotations

Branches:
Dungeon (1/1)

Altars:
Cheibriados
Dithmenos
Elyvilon
Fedhas
Gozag
Kikubaaqudgha
Makhleb
Nemelex Xobeh
Okawaru
Qazlal
Ru
Sif Muna
Trog
Vehumet
Xom
Yredelemnul
Zin
The Shining One
Jiyva

Shops:
D ?%([=%


Innate Abilities, Weirdness & Mutations

You reflexively headbutt those who attack you in melee.
You have a pair of horns on your head.
You are partially covered in slimy green scales (AC +2).
Scrolls take you longer to read.
You can breathe flames.
Armour fits poorly on your strangely shaped body.
Your body often deteriorates upon taking damage.
You are dopey. (Int -2)
You are frail (-10% HP).
You have an increased reservoir of magic (+10% MP).
Your system is resistant to poisons.
You occasionally shout uncontrollably at your foes.
You expend magic power (3 MP) to strengthen your wands.


Message History

The deep troll claws you but does no damage.
The deep troll completely misses you.
You hit the deep troll.
You headbutt the deep troll, but do no damage.
The deep troll is moderately wounded.
You hit the deep troll but do no damage.
Your headbutt misses the deep troll.
The deep troll is moderately wounded.
The deep troll barely misses you. The deep troll claws you.
The deep troll claws you!
You closely miss the deep troll. Your headbutt misses the deep troll.
The deep troll is moderately wounded.
You barely miss the deep troll. You headbutt the deep troll!
The deep troll is heavily wounded.
The deep troll bites you!!
* * * LOW HITPOINT WARNING * * *
The deep troll claws you.
* * * LOW HITPOINT WARNING * * *
The deep troll claws you!!
You die...

#..#####'#####'#__####...'..#.#
#..####..#...#.####,,#####.§§§#
#..#__####..##.#≈≈≈,,*,,*#+####
#..#_..__##'#..+≈≈≈,,+,,*,,,,,*
#⌠⌠#_(∩.(((.(._#≈≈≈,,*,,*,,,,,+
####_..._##_.#'#*+*****+***,,,*
*,,#_____###'#[#,,,,***,+,*,,,*
############.####+###,***,*,,**
#∩........'...@T$.$$+,∩**,*,,**
###''''####...#######****,**+*,
#.......####.###,,,,,,,**,**,*,
#........#.#'#.#,,,,,,,,+,****,
#..#.....#.....#+++******,*,,+,
#........#.....#,,,,,,,,*,*****
#.....#..#######,,,,,,,*+,*,,,*
#........#*,,,,,,,,,,,≈****,,,,
#..#.....#*,,,,,,,,,,≈≈**,,,,,,


You could see a deep troll.

Vanquished Creatures
  Sonja (D)
  8 shining eyes (D)
  2 kobold demonologists (D)
  A demonic crawler (D)
  A slime creature (D)
  A yak (D)
  Sigmund (D)
  An ogre (D)
  A jelly (D)
  Ijyb (D)
  5 giant eyeballs (D)
  5 ballistomycetes (D)
28 creatures vanquished.

Vanquished Creatures (collateral kills)
  3 demonic crawlers (D)
3 creatures vanquished.

Vanquished Creatures (others)
  A gargoyle (D)
  2 giant spores (D)
3 creatures vanquished.

Grand Total: 34 creatures vanquished

Notes
Turn   | Place    | Note
--------------------------------------------------------------
     0 | D        | juanjsm the Minotaur Berserker began the quest for the Orb.
     0 | D        | Reached XP level 1. HP: 19/19 MP: 0/0
     2 | D        | Noticed Ijyb
    11 | D        | Killed Ijyb
    11 | D        | Reached skill level 5 in Fighting
    11 | D        | Reached skill level 5 in Polearms
    11 | D        | Reached XP level 2. HP: 21/30 MP: 1/1
    15 | D        | Noticed an ogre
    20 | D        | Killed an ogre
    20 | D        | Reached ** piety under Trog
    20 | D        | Reached skill level 7 in Fighting
    20 | D        | Reached XP level 3. HP: 38/40 MP: 2/2
    20 | D        | Reached XP level 4. HP: 45/48 MP: 3/3
   222 | D        | Noticed Sigmund
   227 | D        | Killed Sigmund
   227 | D        | Reached skill level 9 in Fighting
   227 | D        | Reached skill level 10 in Polearms
   227 | D        | Reached skill level 5 in Armour
   227 | D        | Reached skill level 5 in Dodging
   227 | D        | Reached XP level 5. HP: 58/58 MP: 4/4
   227 | D        | Reached XP level 6. HP: 66/66 MP: 5/5
   252 | D        | Found a deep blue altar of Sif Muna.
   253 | D        | Noticed a jelly
   257 | D        | Killed a jelly
   257 | D        | Reached skill level 10 in Fighting
   258 | D        | Found a radiant altar of Vehumet.
   284 | D        | Found Otaeps's Armour Emporium.
   284 | D        | Found a white marble altar of Elyvilon.
   284 | D        | Found a stormy altar of Qazlal.
   284 | D        | Found a burning altar of Makhleb.
   284 | D        | Found a sacrificial altar of Ru.
   284 | D        | Found a basalt altar of Yredelemnul.
   284 | D        | Found a glowing golden altar of the Shining One.
   284 | D        | Found a sparkling altar of Nemelex Xobeh.
   284 | D        | Found a shimmering altar of Xom.
   284 | D        | Found an opulent altar of Gozag.
   284 | D        | Found an ancient bone altar of Kikubaaqudgha.
   284 | D        | Found a glowing silver altar of Zin.
   284 | D        | Noticed a yak
   297 | D        | Killed a yak
   297 | D        | Reached *** piety under Trog
   297 | D        | Reached skill level 11 in Fighting
   298 | D        | Found an iron altar of Okawaru.
   301 | D        | Found a bloodstained altar of Trog.
   306 | D        | Bought the cursed -1 cloak "Irahi" {rPois} for 100 gold pieces
   322 | D        | Found a snail-covered altar of Cheibriados.
   322 | D        | Found a viscous altar of Jiyva.
   322 | D        | Found a shadowy altar of Dithmenos.
   322 | D        | Found a blossoming altar of Fedhas.
   322 | D        | Noticed a slime creature
   334 | D        | HP: 1/68 [slime creature (9)]
   335 | D        | Killed a slime creature
   335 | D        | Reached skill level 12 in Fighting
   335 | D        | Reached XP level 7. HP: 1/77 MP: 6/6
   681 | D        | Noticed a kobold demonologist
   682 | D        | Noticed a kobold demonologist
   690 | D        | Killed a kobold demonologist
   690 | D        | Reached **** piety under Trog
   690 | D        | Reached skill level 13 in Polearms
   694 | D        | Killed a kobold demonologist
   694 | D        | Reached XP level 8. HP: 86/86 MP: 7/7
   727 | D        | Noticed a demonic crawler
   727 | D        | Noticed a demonic crawler
   727 | D        | Noticed a demonic crawler
   727 | D        | Noticed a demonic crawler
   733 | D        | Killed a demonic crawler
   736 | D        | Killed a demonic crawler
   736 | D        | Reached skill level 14 in Polearms
   739 | D        | Killed a demonic crawler
   742 | D        | HP: 3/88 [demonic crawler (3)]
   742 | D        | HP: 1/88 [demonic crawler (2)]
   743 | D        | Killed a demonic crawler
   947 | D        | Killed a gargoyle
  1124 | D        | Noticed a lindwurm
  1148 | D        | Noticed Sonja
  1172 | D        | Killed Sonja
  1172 | D        | Reached skill level 15 in Polearms
  1172 | D        | Reached XP level 9. HP: 29/96 MP: 8/8
  1203 | D        | Found Askyuv's Magic Scroll Boutique.
  1211 | D        | Bought a scroll of remove curse for 33 gold pieces
  1211 | D        | Bought 2 scrolls of identify for 44 gold pieces
  1211 | D        | Bought a scroll of magic mapping for 38 gold pieces
  1214 | D        | Bought 3 scrolls of fog for 66 gold pieces
  1214 | D        | Bought a scroll of recharging for 104 gold pieces
  1214 | D        | Bought a scroll of enchant armour for 82 gold pieces
  1473 | D        | Noticed a shining eye
  1473 | D        | Noticed a shining eye
  1473 | D        | Noticed a shining eye
  1473 | D        | Gained mutation: Scrolls take you a little longer to read. [a shining eye]
  1473 | D        | Paralysed by a giant eyeball for 2 turns
  1474 | D        | Gained mutation: You are dopey. (Int -2) [a shining eye]
  1477 | D        | Noticed a shining eye
  1477 | D        | Noticed a shining eye
  1477 | D        | Noticed a shining eye
  1477 | D        | Gained mutation: You occasionally shout uncontrollably at your foes. [a shining eye]
  1478 | D        | Gained mutation: You can breathe flames. [a shining eye]
  1480 | D        | Paralysed by a giant eyeball for 3 turns
  1482 | D        | Gained mutation: You have an increased reservoir of magic (+10% MP). [a shining eye]
  1484 | D        | Gained mutation: Armour fits poorly on your strangely shaped body. [a shining eye]
  1485 | D        | Gained mutation: You are partially covered in slimy green scales (AC +2). [a shining eye]
  1486 | D        | Gained mutation: Your body sometimes deteriorates upon taking damage. [a shining eye]
  1487 | D        | Reached ***** piety under Trog
  1491 | D        | Killed a shining eye
  1491 | D        | Reached skill level 15 in Fighting
  1491 | D        | Reached skill level 10 in Dodging
  1491 | D        | Reached skill level 1 in Stealth
  1494 | D        | Killed a shining eye
  1494 | D        | Reached skill level 16 in Polearms
  1496 | D        | Gained mutation: You expend magic power (3 MP) to strengthen your wands. [a shining eye]
  1497 | D        | Gained mutation: Scrolls take you longer to read. [a shining eye]
  1499 | D        | Killed a shining eye
  1500 | D        | Gained mutation: Your body often deteriorates upon taking damage. [a shining eye]
  1503 | D        | Killed a shining eye
  1503 | D        | Reached XP level 10. HP: 107/107 MP: 10/10
  1505 | D        | Killed a shining eye
  1505 | D        | Gained mutation: Scrolls take you much longer to read. [a shining eye]
  1510 | D        | Killed a shining eye
  1510 | D        | Reached skill level 17 in Polearms
  1513 | D        | Noticed a shining eye
  1513 | D        | Noticed a shining eye
  1515 | D        | Paralysed by a giant eyeball for 2 turns
  1518 | D        | Reached ****** piety under Trog
  1522 | D        | Gained mutation: You are frail (-10% HP). [a shining eye]
  1524 | D        | Gained mutation: Your system is resistant to poisons. [a shining eye]
  1525 | D        | Killed a shining eye
  1533 | D        | Killed a shining eye
  1533 | D        | Received a gift from Trog
  1542 | D        | Found Venaphuz's Food Shoppe.
  1542 | D        | Found Hutuh's Jewellery Shop.
  1542 | D        | Found Xakyg's Antique Weapon Emporium.
  1542 | D        | Found Jonyg's Food Boutique.
  1546 | D        | Bought a beef jerky for 19 gold pieces
  1546 | D        | Bought a fruit for 19 gold pieces
  1546 | D        | Bought a beef jerky for 19 gold pieces
  1546 | D        | Bought a beef jerky for 19 gold pieces
  1546 | D        | Bought a slice of pizza for 19 gold pieces
  1654 | D        | Lost mutation: Scrolls take you much longer to read. [potion of mutation]
  1692 | D        | Noticed a deep troll
  1702 | D        | Slain by a deep troll

Action                   |  1- 3 |  4- 6 |  7- 9 | 10-12 || total
-------------------------+-------+-------+-------+-------++-------
Melee: Spear             |    13 |    31 |    58 |    64 ||   166
       Unarmed           |       |       |       |     2 ||     2
Invok: Berserk           |     1 |     1 |     3 |       ||     5
       Brothers in Arms  |       |       |     2 |       ||     2
 Abil: Breathe Fire      |       |       |     1 |       ||     1
  Use: Potion            |       |       |     1 |     1 ||     2
       Scroll            |       |       |     5 |     1 ||     6
 Stab: Sleeping          |       |       |     1 |       ||     1
  Eat: Chunk             |       |       |     1 |       ||     1
       Bread ration      |       |       |     2 |       ||     2
